 Dungeon Crawl Stone Soup version 0.31-a0-66-ge618eeaa78 (webtiles) character file.

Game seed: 3936085337698342146

1408 ytrimaz the Trooper (level 8, -2/87 HPs)
             Began as a Troll Berserker on May 22, 2023.
             Was a Priest of Trog.
             Slain by an ufetubus (4 damage)
             ... on level 5 of the Dungeon.
             The game lasted 00:03:46 (4376 turns).

ytrimaz the Trooper (Troll Berserker)               Turns: 4376, Time: 00:03:46

Health: -2/87      AC:  5    Str: 28    XL:     8   Next: 42%
Magic:  7/7        EV: 10    Int:  3    God:    Trog [***...]
Gold:   354        SH:  0    Dex:  9    Spells: 7/7 levels left

rFire   . .          .
                       - Unarmed
rCold   . . .        (no shield)
rNeg    . . .        a - +1 animal skin
rPois   .            (helmet restricted)
rElec   .            (no cloak)
rCorr   +            (gloves unavailable)
SInv    .            (boots unavailable)
Will    ++...        (no amulet)
Stlth   +            c - ring of resist corrosion
HPRegen 2.14/turn    (no ring)
MPRegen 0.10/turn

%: no passive effects
@: lethally poisoned (-2 -> -6), strong-willed, regenerating
A: large, unfitting armour, claws 3, regeneration 1, shaggy fur 1, tough skin 1
a: Renounce Religion, Berserk, Trog's Hand


You were on level 5 of the Dungeon.
You worshipped Trog.
Trog was most pleased with you.
You visited 1 branch of the dungeon, and saw 6 of its levels.

You collected 354 gold pieces.


Innate Abilities, Weirdness & Mutations

You are too large for most types of armour.
You have claws for hands.
Your natural rate of healing is unusually fast.
You are covered in fur. (AC +1)
You have tough skin. (AC +1)


   Skills:
 * Level 7.5 Fighting
 - Level 2.4 Dodging
 + Level 6.7 Unarmed Combat


You had 7 spell levels left.
You didn't know any spells.
Your spell library was empty.

Inventory:

Armour
 a - a +1 animal skin (worn)
Jewellery
 c - a ring of resist corrosion (left claw)
   (You found it on level 1 of the Dungeon)
 i - a ring of fire
   (You found it on level 4 of the Dungeon)
 p - a ring of protection from fire
   (You found it on level 5 of the Dungeon)
Wands
 l - a wand of charming (8)
   (You found it on level 5 of the Dungeon)
Scrolls
 g - a scroll of teleportation
 j - a scroll of noise
Potions
 b - 2 potions of attraction
 d - a potion of might {unknown}
 e - 5 potions of curing
 f - a potion of mutation {unknown}
 h - a potion of ambrosia {unknown}
 k - a potion of invisibility {unknown}

Dungeon Overview and Level Annotations

Branches:
Dungeon (6/15) Zot: 26802
 Temple: D:4-7

Altars:
Yredelemnul

Shops:
D:1 :   D:3 [

Annotations:
D:4 1 runed translucent door, Crazy Yiuf

# #.....# #.#
#.###.#.# #
###.###.# #.#
#.......# ##
........# #.#
#.###.#.# ###
##.
..#.#...####.#
#.# #.#.###.##
#..
.##.#.#......#
#.# #........#
##.
###.#...######
#.# ###.###.##
## # #.....# #.#
#.# #.###### #
#######
#5#####.#
#....... #
#@S.....#
######## #
######### # ## #
.## # ..#
######### #
..############
#.......######
.............#
#.####.......#
..##########.###
#.####..####.#
..# ##...##
#.##......##..


You could see a water moccasin and an ufetubus.


Message History

You climb downwards.
The steam dragon breathes steam at you. The ball of steam hits you!
There is a stone staircase leading up here.
Unknown command. 😕 HP[-15]
You take 15 damage, and now have 72/87 hp.
Unknown command.
You are engulfed in a cloud of scalding steam. 😕 HP[-3]
You take 3 damage, and now have 69/87 hp.
You are engulfed in a cloud of scalding steam. 😕 HP[-1]
You take 1 damage, and now have 68/87 hp. 😕 HP[+1]
The water moccasin bites you! The ufetubus barely misses you.
The ufetubus closely misses you. The steam dragon breathes steam at you.
The ball of steam hits you!
The ufetubus hits you but does no damage. x2
The water moccasin misses you.
You climb upwards.
There is a stone staircase leading down here.
Unknown command. 😮 HP[-21]
You take 21 damage, and now have 48/87 hp.
MASSIVE DAMAGE!! (PAUSE)
You miss the water moccasin.
The ufetubus hits you but does no damage.
The ufetubus closely misses you. The water moccasin bites you.
* * * LOW HITPOINT WARNING * * *
You are poisoned.
The water moccasin poisons you! 😨 HP[-5]
You take 5 damage, and now have 43/87 hp.
You barely miss the water moccasin.
You feel very sick.
The ufetubus hits you but does no damage. x2
The water moccasin bites you.
* * * LOW HITPOINT WARNING * * *
You are more poisoned.
The water moccasin poisons you!
The ufetubus hits you but does no damage.
The ufetubus completely misses you.
You barely miss the water moccasin.
You feel very sick. The water moccasin bites you.
* * * LOW HITPOINT WARNING * * *
The ufetubus hits you but does no damage. x2
The water moccasin bites you but does no damage. 😨 HP[-14]
You take 14 damage, and now have 29/87 hp.
You closely miss the water moccasin.
You feel very sick. The ufetubus barely misses you. x2
The water moccasin completely misses you. 😨 HP[-3]
You take 3 damage, and now have 26/87 hp.
Unknown command.
You miss the water moccasin.
You feel very sick. The ufetubus hits you.
* * * LOW HITPOINT WARNING * * *
The ufetubus hits you.
* * * LOW HITPOINT WARNING * * *
The water moccasin completely misses you.
The ufetubus hits you.
* * * LOW HITPOINT WARNING * * *
The ufetubus barely misses you. 😱 HP[-11]
You take 11 damage, and now have 15/87 hp.
Unknown command.
Your skin crawls.
You feel strong-willed.
You feel very sick. The water moccasin bites you.
* * * LOW HITPOINT WARNING * * *
The ufetubus barely misses you.
The ufetubus closely misses you. 😱 HP[-6]
You take 6 damage, and now have 9/87 hp.
Unknown command.
You scratch the water moccasin.
You feel sick. The water moccasin bites you.
* * * LOW HITPOINT WARNING * * *
The ufetubus hits you but does no damage.
The ufetubus misses you.
The water moccasin bites you but does no damage. 😱 HP[-1]
You take 1 damage, and now have 8/87 hp.
Unknown command.
You mangle the water moccasin!!
You feel sick.
The ufetubus hits you but does no damage.
The ufetubus hits you.
* * * LOW HITPOINT WARNING * * *
The water moccasin bites you.
* * * LOW HITPOINT WARNING * * *
You are lethally poisoned!
The water moccasin poisons you! The ufetubus hits you.
* * * LOW HITPOINT WARNING * * *
The ufetubus hits you.
You die...

Skill      XL: |  1  2  3  4  5  6  7  8 |
---------------+-------------------------+-----
Fighting       | 3 6 7 |  7.5
Unarmed Combat | 5 6 |  6.7
Dodging        | |  2.4

Action                     |  1- 3 |  4- 6 |  7- 9 || total
---------------------------+-------+-------+-------++-------
  Melee: Unarmed           |   129 |    52 |   109 ||   290
         Punch             |     3 |     4 |     2 ||     9
 Invoke: Berserk           |       |     1 |       ||     1
         Trog's Hand       |       |       |     1 ||     1
    Use: Scroll            |     1 |     4 |     6 ||    11
 Armour: Animal skin       |    59 |    13 |    42 ||   114
  Dodge: Dodged            |   102 |    24 |    62 ||   188

Levels and vault maps discovered:
D:1:      dpeg_arrival_leaves_temple_mockup, layout_basic, serial_shops,
          nicolae_book_shop_shelving
D:2:      layout_basic
D:3:      layout_basic, serial_shops, nicolae_shop_dealshenge
D:4:      minmay_clustersquares, layout_basic,
          mainiacjoe_overflow_small_starburst, uniq_crazy_yiuf_cottage
D:5:      layout_loops_corners, serial_glass, glass_columns_a, glass_columns_a,
          item_on_display_a, feat_on_display, roderic_serpentine_path
D:6:      gammafunk_steamed_eel, layout_rooms, nicolae_grassy_gnolls

Notes
Turn   | Place    | Note
-------+----------+-------------------------------------------
     0 | D:1      | ytrimaz the Troll Berserker began the quest for the Orb.
     0 | D:1      | Reached XP level 1. HP: 22/22 MP: 0/0
     0 | D:1      | magus.rc [v1.9.6]
    78 | D:1      | Reached XP level 2. HP: 20/29 MP: 1/1
   173 | D:1      | Found Axusot's Book Emporium.
   187 | D:1      | Reached skill level 3 in Fighting
   479 | D:2      | Reached ** piety under Trog
   480 | D:2      | Reached XP level 3. HP: 37/37 MP: 2/2
  1319 | D:3      | Reached XP level 4. HP: 45/46 MP: 3/3
  1651 | D:3      | Found Vusmef's Antique Armour Boutique.
  2417 | D:4      | Found a basalt altar of Yredelemnul.
  2428 | D:4      | Reached skill level 4 in Fighting
  2580 | D:4      | Reached skill level 4 in Unarmed Combat
  2592 | D:4      | Noticed a two-headed ogre
  2602 | D:4      | Killed a two-headed ogre
  2603 | D:4      | Reached skill level 6 in Fighting
  2603 | D:4      | Reached skill level 5 in Unarmed Combat
  2603 | D:4      | Reached XP level 5. HP: 59/59 MP: 4/4
  2603 | D:4      | Reached XP level 6. HP: 67/67 MP: 5/5
  2603 | D:4      | Reached XP level 7. HP: 75/75 MP: 6/6
  2634 | D:4      | Reached *** piety under Trog
  3131 | D:4      | Found a runed translucent door.
  3132 | D:4      | Noticed Crazy Yiuf
  3179 | D:5      | Entered Level 5 of the Dungeon
  3203 | D:5      | Reached skill level 6 in Unarmed Combat
  3702 | D:5      | Reached XP level 8. HP: 80/84 MP: 7/7
  3749 | D:5      | Reached skill level 7 in Fighting
  4373 | D:5      | HP: 19/87 [ufetubus (4)]
  4374 | D:5      | HP: 9/87 [water moccasin (5)]
  4376 | D:5      | HP: 4/87 [water moccasin (3)]
  4376 | D:5      | Slain by an ufetubus

Vanquished Creatures
  A two-headed ogre (D:4)
  A water moccasin (D:5)
  An ice beast (D:5)
  A black bear (D:5)
  A centaur (D:5)
  A killer bee (D:4)
  A howler monkey (D:5)
  5 hounds
  A jelly (D:5)
  An iguana (D:4)
  8 adders
  An ufetubus (D:4)
  3 worms
  3 dart slugs
  5 orcs
  5 bats
  8 endoplasms
  5 giant cockroaches
  10 goblins
  10 hobgoblins
  10 jackals
  3 quokkas
  2 ball pythons
  A frilled lizard (D:2)
  5 kobolds
  A rat (D:3)
94 creatures vanquished.

Table legend:
 A = Non-vault XP
 B = Vault XP
 C = Vault XP percentage of total XP
 D = Non-vault monster count
 E = Vault monster count
 F = Vault count percentage of total count
                 A         B        C        D         E       F
            +---------+---------+-------+---------+---------+-------
      Total |     989 |    1023 |  50.8 |      78 |      16 |  17.0
            +---------+---------+-------+---------+---------+-------
        D:1 |      38 |       0 |   0.0 |      20 |       0 |   0.0
        D:2 |      48 |       0 |   0.0 |      18 |       0 |   0.0
        D:3 |      61 |       0 |   0.0 |      18 |       0 |   0.0
        D:4 |      32 |    1023 |  97.0 |       9 |      16 |  64.0
        D:5 |     797 |       0 |   0.0 |      12 |       0 |   0.0
        D:6 |      13 |       0 |   0.0 |       1 |       0 |   0.0
            +---------+---------+-------+---------+---------+-------

Skill      XL: |  1  2  3  4  5  6  7  8 |
---------------+-------------------------+-----
Fighting       | 3 6 7 |  7.5
Unarmed Combat | 5 6 |  6.7
Dodging        | |  2.4

Action                     |  1- 3 |  4- 6 |  7- 9 || total
---------------------------+-------+-------+-------++-------
  Melee: Unarmed           |   129 |    52 |   109 ||   290
         Punch             |     3 |     4 |     2 ||     9
 Invoke: Berserk           |       |     1 |       ||     1
         Trog's Hand       |       |       |     1 ||     1
    Use: Scroll            |     1 |     4 |     6 ||    11
 Armour: Animal skin       |    59 |    13 |    42 ||   114
  Dodge: Dodged            |   102 |    24 |    62 ||   188

Illustrated notes

Table legend:
 A = Kills in this place as a percentage of kills in the entire game.
 B = Kills by you in this place as a percentage of kills by you in the entire game.
 C = Kills by friends in this place as a percentage of kills by friends in the entire game.
 D = Other kills in this place as a percentage of other kills in the entire game.
 E = Experience gained in this place as a percentage of experience gained in the entire game.
 F = Experience gained in this place divided by the number of levels of this place that you have seen.
                   A       B       C       D       E      F
               +-------+-------+-------+-------+-------+----------------------
         Total | 100.0 | 100.0 |   N/A |   N/A | 100.0 | 335.3
       Dungeon | 100.0 | 100.0 |   N/A |   N/A | 100.0 | 335.3
               +-------+-------+-------+-------+-------+----------------------

Table legend: (Time is in decaauts)
 A = Elapsed time spent in this place.
 B = Non-inter-level travel time spent in this place.
 C = Inter-level travel time spent in this place.
 D = Time resting spent in this place.
 E = Time spent auto-exploring this place.
 F = Levels seen in this place.
 G = Mean time per level.
                   A        B        C        D        E       F      G
               +--------+--------+--------+--------+--------+-----+--------+
         Total |   4357 |   4185 |    172 |    367 |   3179 |   6 |  726.2 |
       Dungeon |   4357 |   4185 |    172 |    367 |   3179 |   6 |  726.2 |
               +--------+--------+--------+--------+--------+-----+--------+

Top non-repeatable levels by time:
     D:5: 1176 daAuts
     D:4: 1151 daAuts
     D:2: 849 daAuts
     D:3: 728 daAuts
     D:1: 436 daAuts
     D:6: 15 daAuts
